 Dungeon Crawl Stone Soup version 0.30.1-3-gfc49f6343a (webtiles) character file.

Game seed: 15988996166243889875

300 monsoonserge the Shooter (level 6, -2/44 HPs)
             Began as a Formicid Hexslinger on Aug 4, 2023.
             Slain by a water moccasin (8 damage)
             ... in a sewer.
             The game lasted 00:10:03 (2741 turns).

monsoonserge the Shooter (Formicid Hexslinger)      Turns: 2741, Time: 00:10:03

Health: -2/44      AC:  6    Str: 20    XL:     6   Next: 64%
Magic:  5/7        EV: 11    Int: 13    God:
Gold:   85         SH:  0    Dex: 22    Spells: 6/7 levels left

rFire   . . .        a - +1 sling
rCold   . . .        (no shield)
rNeg    . . .        l - +0 ring mail
rPois   .            (helmet unavailable)
rElec   .            q - +0 cloak
rCorr   .            (no gloves)
SInv    +            (no boots)
Will    .....        (no amulet)
Stlth   +            d - +6 ring of strength
HPRegen 0.27/turn    i - +6 ring of dexterity
MPRegen 0.10/turn

%: no passive effects
@: lethally poisoned (-2 -> -4)
A: permanent stasis, dig shafts and tunnels, antennae 3, four strong arms
a: Dig


You were in a sewer.
You visited 1 branch of the dungeon, and saw 4 of its levels.
You also visited: Sewer.

You collected 85 gold pieces.

Inventory:

Hand Weapons
 a - a +1 sling (weapon)
Missiles
 v - 2 boomerangs
Armour
 l - a +0 ring mail (worn)
 m - a +0 leather armour
 p - an orb of energy
 q - a +0 cloak (worn)
 w - a +0 scale mail
Magical Staves
 r - a staff of fire
Jewellery
 d - a +6 ring of strength (left hand)
 i - a +6 ring of dexterity (right hand)
Wands
 s - a wand of polymorph (14)
Scrolls
 b - 2 scrolls of poison
 g - 3 scrolls of fog {unknown}
 j - a scroll of teleportation {unknown}
 o - 2 scrolls of vulnerability {unknown}
 u - a scroll of identify {unknown}
Potions
 c - a potion of invisibility {unknown}
 e - 2 potions of flight {unknown}
 f - 2 potions of brilliance {unknown}
 h - a potion of haste {unknown}
 k - 3 potions of resistance {unknown}
 n - 3 potions of heal wounds {unknown}
 t - a potion of attraction {unknown}


   Skills:
 + Level 2.0 Fighting
 * Level 5.8 Ranged Weapons
 * Level 1.0 Armour
 + Level 1.8 Dodging
 + Level 1.2 Spellcasting
 + Level 4.2 Hexes


You had 6 spell levels left.
You knew the following spells:

 Your Spells              Type           Power      Damage    Failure   Level
a - Slow                  Hex            44%        N/A       9%          1

Your spell library contained the following spells:

 Spells                   Type           Power      Damage    Failure   Level
 Inner Flame              Hex/Fire       6%         N/A       50%         3
 Portal Projectile        Hex/Tloc       12%        N/A       50%         3
 Cause Fear               Hex            5%         N/A       63%         4


Dungeon Overview and Level Annotations

Branches:
Dungeon (4/15)              Sewer (1/1)
 Temple: D:4-7

Altars:
Ashenzari
Dithmenos

Shops:
D:2 ?([


Innate Abilities, Weirdness & Mutations

You cannot be hasted, slowed, berserked, paralysed or teleported.
You can dig through walls and to a lower floor.
You have a pair of large antennae on your head. (SInv)
Your four strong arms can wield two-handed weapons with a shield.


Message History

You are too injured to fight recklessly!
Fire: a) +1 sling
Press: ? - help, Q - select action, (/) - cycle Shift-Dir - straight line, f/p - water moccasin
Aim: a water moccasin (severely wounded, slow, 50% to hit)
You shoot a sling bullet.
The sling bullet misses the water moccasin.
You feel sick.
The water moccasin bites you but does no damage.
Fire: a) +1 sling
Press: ? - help, Q - select action, (/) - cycle Shift-Dir - straight line, f/p - water moccasin
Aim: a water moccasin (severely wounded, slow, 50% to hit)
You shoot a sling bullet.
The sling bullet hits the water moccasin.
The water moccasin is almost dead.
You feel sick. The water moccasin bites you!
* * * LOW HITPOINT WARNING * * *
Fire: a) +1 sling
Press: ? - help, Q - select action, (/) - cycle Shift-Dir - straight line, f/p - water moccasin
Aim: a water moccasin (severely wounded, slow, 50% to hit)
You shoot a sling bullet.
The sling bullet hits the water moccasin but does no damage.
The water moccasin is severely wounded.
You feel sick.
The water moccasin bites you but does no damage.
Fire: a) +1 sling
Press: ? - help, Q - select action, (/) - cycle Shift-Dir - straight line, f/p - water moccasin
Aim: a water moccasin (severely wounded, slow, 50% to hit)
You shoot a sling bullet.
The sling bullet closely misses the water moccasin.
You feel sick. The water moccasin closely misses you.
The water moccasin bites you.
* * * LOW HITPOINT WARNING * * *
Fire: a) +1 sling
Press: ? - help, Q - select action, (/) - cycle Shift-Dir - straight line, f/p - water moccasin
Aim: a water moccasin (severely wounded, slow, 50% to hit)
You shoot a sling bullet.
The sling bullet hits the water moccasin.
The water moccasin is almost dead.
You feel sick. The water moccasin bites you!
You die...

#### # ##.~.. # #
###..~.~ ### /# #
###....~# ..##~)#
###.~..~# ....###
.~.~.~~## ##~~~~..#
###.~.~.### ###@S~~.#
#
###.~~~~####.....##.!#
# ###......~...### #
###......### ########


You could see a water moccasin (slow).

Vanquished Creatures
  Grinder (D:3)
  An orc priest (D:3)
  A river rat (D:4)
  A worm (D:2)
  4 orcs (D:3)
  4 endoplasms
  5 giant cockroaches
  7 goblins
  8 hobgoblins
  3 jackals (Sewer)
  4 kobolds
  2 quokkas (D:2)
  8 ball pythons
  8 bats
  5 frilled lizards
  3 rats
65 creatures vanquished.

Notes
Turn   | Place    | Note
-------+----------+-------------------------------------------
     0 | D:1      | monsoonserge the Formicid Hexslinger began the quest for
                  | the Orb.
     0 | D:1      | Reached XP level 1. HP: 15/15 MP: 2/2
   109 | D:1      | Reached XP level 2. HP: 21/21 MP: 3/3
   350 | D:1      | Found a faded altar of an unknown god.
   392 | D:1      | Reached XP level 3. HP: 26/26 MP: 4/4
   634 | D:1      | Reached skill level 3 in Ranged Weapons
   881 | D:2      | Found Vorisob's Weapon Shop.
  1004 | D:2      | Found Qiqior's Magic Scroll Boutique.
  1143 | D:2      | Found a shadowy altar of Dithmenos.
  1361 | D:2      | Found Koxuast's Armour Shoppe.
  1601 | D:3      | Noticed Grinder
  1645 | D:3      | Reached XP level 4. HP: 32/32 MP: 5/5
  1821 | D:3      | Killed Grinder
  1822 | D:3      | Reached skill level 5 in Ranged Weapons
  1822 | D:3      | Reached XP level 5. HP: 35/38 MP: 6/6
  1822 | D:3      | Reached XP level 6. HP: 41/44 MP: 7/7
  2282 | D:3      | Found a broken altar of Ashenzari.
  2637 | D:4      | Found a glowing drain.
  2641 | Sewer    | Entered a sewer
  2661 | Sewer    | Reached skill level 1 in Armour
  2729 | Sewer    | Noticed a water moccasin
  2741 | Sewer    | Slain by a water moccasin

Illustrated notes

Levels and vault maps discovered:
D:1:      matt_arrival_spirals, layout_loops_ring,
          shapermc_ecumenical_altar_notcrosses, minmay_close_crescents
D:2:      layout_basic, basic_altar, serial_shops, nicolae_shop_back_alley_shop,
          shop, shop, kennysheep_decorative_pillar, nrook_campfire
D:3:      layout_rooms, nicolae_ashenzari_skybound, grunt_ministairs_15,
          serial_bayou_lagoon_a, dk_vineyard_2, amethyst_killhole, uniq_grinder
D:4:      layout_cave_pools, gup_sewer_entry_bowl, dreamdust_princess_bridge,
          cheibrodos_gnoll_hut, uniq_edmund
Sewer:    sewer_the_moccasin

Skill      XL: |  1  2  3  4  5  6 |
---------------+-------------------+-----
Hexes          | 4 |  4.2
Ranged Weapons | 3 5 |  5.8
Fighting       | 2 |  2.0
Armour         | 1 |  1.0
Dodging        | |  1.8
Spellcasting   | |  1.2

Action                     |  1- 3 |  4- 6 || total
---------------------------+-------+-------++-------
   Fire: Sling             |   108 |   125 ||   233
   Cast: Slow              |     1 |     6 ||     7
 Armour: Robe              |     3 |       ||     3
         Ring mail         |    15 |    24 ||    39
  Dodge: Dodged            |    32 |    44 ||    76
